 Dungeon Crawl Stone Soup version 0.27-a0-1512-g99fd57bada (webtiles) character file.

Game seed: 10834600843429075068

108 Froggeryz the Cutter (level 4, -1/33 HPs)
             Began as a Vampire Gladiator on July 9, 2021.
             Was a Believer of Kikubaaqudgha.
             Slain by a gnoll (8 damage)
             ... on level 3 of the Dungeon.
             The game lasted 00:02:47 (2079 turns).

Froggeryz the Cutter (Vampire Gladiator)            Turns: 2079, Time: 00:02:48

Health: -1/33      AC:  4    Str: 14    XL:     4   Next: 58%
Magic:  4/4        EV: 12    Int: 10    God:    Kikubaaqudgha [**....]
Gold:   42         SH:  0    Dex: 15    Spells: 3/3 levels left

rFire    . . .     SeeInvis +   a - +0 rapier
rCold    . . .     Faith    .   (no shield)
rNeg     . . .     Spirit   .   b - +0 leather armour
rPois    .         Reflect  .   c - +0 helmet
rElec    .         Harm     .   (no cloak)
rCorr    .         Rampage  .   (no gloves)
Will     .....                  (no boots)
Stlth    ++........             l - amulet of magic regeneration
HPRegen  0.31/turn              (no ring)
MPRegen  0.34/turn              (no ring)

@: healing quickly
A: alive, fangs 3, see invisible, vampiric 2
a: Exsanguinate, Renounce Religion, Receive Corpses


You were on level 3 of the Dungeon.
You worshipped Kikubaaqudgha.
Kikubaaqudgha was pleased with you.
You visited 1 branch of the dungeon, and saw 3 of its levels.

You collected 42 gold pieces.

Inventory:

Hand Weapons
 a - a +0 rapier (weapon)
Missiles
 d - 2 throwing nets
 m - 9 poisoned darts (quivered)
Armour
 b - a +0 leather armour (worn)
 c - a +0 helmet (worn)
Jewellery
 l - an amulet of magic regeneration (around neck)
Scrolls
 e - a scroll of fear {unknown}
 g - 2 scrolls of identify {unknown}
 i - a scroll of enchant armour {unknown}
 o - a scroll of silence {unknown}
Potions
 f - a potion of might {unknown}
 h - a potion of haste {unknown}
 j - a potion of brilliance {unknown}
 k - a potion of degeneration {unknown}
 n - 2 potions of attraction {unknown}


   Skills:
 - Level 2.0 Fighting
 * Level 5.1 Short Blades
 - Level 1.5 Throwing
 - Level 3.2 Dodging
 + Level 3.6 Stealth


You had 3 spell levels left.
You didn't know any spells.
Your spell library contained the following spells:

 Spells                   Type           Power      Damage    Failure   Level
 Animate Skeleton         Necr           0%         N/A       43%         1
 Magic Dart               Conj           0%         1d3       43%         1
 Pain                     Necr           0%         1d4       43%         1
 Call Imp                 Summ           0%         N/A       58%         2
 Corpse Rot               Necr/Air       N/A        N/A       58%         2
 Mephitic Cloud           Conj/Pois/Air  0%         N/A       82%         3
 Ozocubu's Armour         Ice            0%         N/A       82%         3
 Tukima's Dance           Hex            0%         N/A       82%         3
 Vampiric Draining        Necr           0%         2d6       82%         3
 Passage of Golubria      Tloc           N/A        N/A       99%         4
 Metabolic Englaciation   Hex/Ice        0%         N/A       100%        5
 Yara's Violent Unravell  Hex/Tmut       0%         3d3       100%        5
 Simulacrum               Ice/Necr       0%         N/A       100%        6


Dungeon Overview and Level Annotations

Branches:
Dungeon (3/15)

Altars:
Kikubaaqudgha


Innate Abilities, Weirdness & Mutations

Your natural rate of healing is accelerated.
You have razor-sharp teeth.
You have supernaturally acute eyesight. (SInv)
You are afflicted with vampirism and can become a bat while bloodless.


Message History

A gnoll comes into view. It is wielding a +0 club.
The gnoll hits you with a +0 flail.
You barely miss the gnoll.
The gnoll shouts! x3
You bite the gnoll.
The gnoll is lightly wounded.
You hit the gnoll but do no damage.
A goblin comes into view. It is wielding a +0 dagger.
The gnoll hits you with a +0 flail!
You see here an adder corpse.
Throw: 13 darts (poison)
Press: ? - help, Q - select action, (/) - cycle Shift-Dir - straight line, f - gnoll
Aim: a gnoll, wielding a +0 flail (63% to hit)
You throw a poisoned dart.
The poisoned dart closely misses the gnoll.
The poisoned dart hits the gnoll.
The gnoll is poisoned.
The gnoll is lightly wounded.
The gnoll completely misses you.
Throw: 12 darts (poison)
Press: ? - help, Q - select action, (/) - cycle Shift-Dir - straight line, f/p - gnoll
Aim: a gnoll, wielding a +0 flail (63% to hit)
You throw a poisoned dart. The poisoned dart hits the gnoll.
The gnoll misses you.
Throw: 11 darts (poison)
Press: ? - help, Q - select action, (/) - cycle Shift-Dir - straight line, f/p - gnoll
Aim: a gnoll, wielding a +0 flail (63% to hit)
You throw a poisoned dart. The poisoned dart hits the gnoll.
The gnoll is poisoned.
The gnoll hits you with a +0 flail!
Throw: 10 darts (poison)
Press: ? - help, Q - select action, (/) - cycle Shift-Dir - straight line, f/p - gnoll
Aim: a gnoll, wielding a +0 flail (poisoned, 63% to hit)
You throw a poisoned dart. The poisoned dart hits the gnoll.
The gnoll looks even sicker.
The gnoll hits you with a +0 flail!
* * * LOW HITPOINT WARNING * * *
Found 7 gold pieces.
The gnoll hits you with a +0 flail!
You die...
Kikubaaqudgha rasps: "You have failed me!
Welcome... death!"

# #.........#...........
#...............##....
#.###.............####....
#..........######.## #....
....###(#### #<.####...
###. #g# #######.....
##.##.# ........###.
#...g####$############.
###..g@...# #####...
#...##### .(...... #..##
######## #.... #####


You could see 2 gnolls.

Vanquished Creatures
  4 gnolls (D:2)
  2 adders
  A worm (D:2)
  2 dart slugs
  4 endoplasms
  2 giant cockroaches
  4 goblins
  5 hobgoblins
  4 ball pythons
  4 bats
  2 frilled lizards (D:1)
  3 kobolds
  9 rats
46 creatures vanquished.

Vanquished Creatures (others)
  3 fungi (D:1)
  3 plants (D:1)
6 creatures vanquished.

Grand Total: 52 creatures vanquished

Notes
Turn   | Place    | Note
-------+----------+-------------------------------------------
     0 | D:1      | Froggeryz the Vampire Gladiator began the quest for the
                  | Orb.
     0 | D:1      | Reached XP level 1. HP: 16/16 MP: 1/1
   399 | D:1      | Reached skill level 1 in Stealth
   401 | D:1      | Reached XP level 2. HP: 21/22 MP: 2/2
   474 | D:1      | Found a faded altar of an unknown god.
   480 | D:1      | Became a worshipper of Kikubaaqudgha
   480 | D:1      | Reached * piety under Kikubaaqudgha
   480 | D:1      | Received a gift from Kikubaaqudgha
   804 | D:1      | Reached skill level 4 in Short Blades
  1224 | D:2      | Gained mutation: You are afflicted with vampirism and can
                  | become a bat while bloodless. [Vampire growth]
  1224 | D:2      | Reached XP level 3. HP: 26/27 MP: 3/3
  1345 | D:2      | Reached ** piety under Kikubaaqudgha
  1617 | D:2      | Reached XP level 4. HP: 26/33 MP: 4/4
  1897 | D:3      | Reached skill level 5 in Short Blades
  2079 | D:3      | Slain by a gnoll

Illustrated notes

Levels and vault maps discovered:
D:1:      matt_arrival_refuge, layout_basic, dreamdust_ecumenical_altar_grove,
          nrook_loot_triangle
D:2:      layout_rooms, minmay_statues_item
D:3:      layout_rooms

Skill      XL: |  1  2  3  4 |
---------------+-------------+-----
Fighting       | 2 |  2.0
Stealth        | 1 2 3 |  3.6
Short Blades   | 4 5 |  5.1
Throwing       | |  1.5
Dodging        | |  3.2

Action                   |  1- 3 |  4- 6 || total
-------------------------+-------+-------++-------
Melee: Rapier            |   102 |    41 ||   143
       Bite              |    10 |     4 ||    14
Throw: Dart              |    16 |    10 ||    26
       Throwing net      |       |     2 ||     2
 Stab: Sleeping          |     3 |     1 ||     4
Armor: Leather armour    |    31 |    12 ||    43
Dodge: Dodged            |    56 |    32 ||    88

Table legend: (Time is in decaauts)
 A = Elapsed time spent in this place.
 B = Non-inter-level travel time spent in this place.
 C = Inter-level travel time spent in this place.
 D = Time resting spent in this place.
 E = Time spent auto-exploring this place.
 F = Levels seen in this place.
 G = Mean time per level.
                   A        B        C        D        E       F      G
               +--------+--------+--------+--------+--------+-----+--------+
         Total |   2075 |   2012 |     63 |     31 |   1548 |   3 |  691.7 |
       Dungeon |   2075 |   2012 |     63 |     31 |   1548 |   3 |  691.7 |
               +--------+--------+--------+--------+--------+-----+--------+

Top non-repeatable levels by time:
     D:1: 1118 daAuts
     D:2: 740 daAuts
     D:3: 216 daAuts
